 Dungeon Sprint DCSS version 0.30-a0-596-g0af90f9a20 (webtiles) character file.

Game seed: 10410721847261675369

3486 rocky1 the Unseen (level 9, -6/51 HPs)
             Began as a Spriggan Gladiator on Jan 7, 2023.
             Was an Initiate of Gozag.
             Mangled by an unseen horror (8 damage)
             ... in the Dungeon (Sprint I: "Red Sonja").
             The game lasted 00:02:45 (969 turns).

rocky1 the Unseen (Spriggan Gladiator)               Turns: 969, Time: 00:02:45

Health: -6/51      AC:  2    Str: 10    XL:     9   Next: 79%
Magic:  10/10      EV: 28    Int:  9    God:    Gozag
Gold:   860        SH:  0    Dex: 21    Spells: 8/8 levels left

rFire   + . .      SeeInvis +    a - +0 rapier
rCold   . . .      Faith    .    (no shield)
rNeg    . . .      Spirit   .    o - +0 robe {rF+}
rPois   .          Reflect  .    c - +0 hat
rElec   .          Harm     .    (no cloak)
rCorr   .          Rampage  .    (gloves unavailable)
Will    +....      NoTele   +    (boots unavailable)
Stlth   ++++++++                 (no amulet)
HPRegen 0.28/turn                (no ring)
MPRegen 0.12/turn                (no ring)

@: very quick
A: very small, no large weapons, unfitting armour, see invisible, speed 3
a: Renounce Religion, Potion Petition, Call Merchant, Bribe Branch


You were in the Dungeon.
You worshipped Gozag.
Gozag was pleased with you.
You visited 1 branch You collected 1567 gold pieces.
You spent 140 gold pieces at shops.
You paid 567 gold pieces to Gozag.

Inventory:

Hand Weapons
 a - a +0 rapier (weapon)
Missiles
 e - 2 boomerangs (quivered)
Armour
 b - a +0 robe
 c - a +0 hat (worn)
 n - a +0 hat
 o - a +0 robe of fire resistance (worn)
Jewellery
 d - a ring of protection from fire
Scrolls
 k - 2 scrolls of blinking
 m - 2 scrolls of identify {unknown}
 p - a scroll of vulnerability {unknown}
Potions
 f - 4 potions of curing
 g - 2 potions of heal wounds
 h - 2 potions of haste
 i - 2 potions of magic
 j - a potion of berserk rage
 l - a potion of brilliance {unknown}


   Skills:
 + Level 8.2 Fighting
 * Level 14.7 Short Blades
 - Level 2.0 Throwing
 + Level 12.7 Dodging
 * Level 19.7 Stealth


You had 8 spell levels left.
You didn't know any spells.
Your spell library was empty.

Dungeon Overview and Level Annotations

Branches:
Dungeon (1/1)

Altars:
Cheibriados
Dithmenos
Elyvilon
Fedhas
Gozag
Hepliaklqana
Kikubaaqudgha
Nemelex Xobeh
Okawaru
Qazlal
Ru
Sif Muna
Trog
Uskayaw
Vehumet
Wu Jian
Yredelemnul
Zin
The Shining One

Shops:
D ![[


Innate Abilities, Weirdness & Mutations

You are very small and have problems with some larger weapons.
You are too small for most types of armour.
You have supernaturally acute eyesight. (SInv)
You cover ground extremely quickly. (Speed+++)


Message History

You barely miss the unseen horror.
The unseen horror is moderately wounded.
The unseen horror closely misses you.
You hit the unseen horror.
The unseen horror is heavily wounded.
The unseen horror completely misses you.
There is an open door here.
You hit the unseen horror.
The unseen horror is heavily wounded.
The unseen horror hits you. The unseen horror hits you.
You hit the unseen horror.
The unseen horror is heavily wounded.
The unseen horror completely misses you.
You barely miss the unseen horror.
The unseen horror is heavily wounded.
The unseen horror hits you!
* * * LOW HITPOINT WARNING * * *
There is an open door here.
There's a creature in the doorway!
You barely miss the unseen horror.
The unseen horror is heavily wounded.
The unseen horror barely misses you.
You hit the unseen horror.
The unseen horror is severely wounded.
The unseen horror closely misses you.
You hit the unseen horror.
The unseen horror is severely wounded.
The unseen horror completely misses you.
You close the door.
You hit the unseen horror.
The unseen horror is almost dead.
The unseen horror closely misses you.
You closely miss the unseen horror.
The unseen horror is almost dead.
The unseen horror hits you!
* * * LOW HITPOINT WARNING * * *
The unseen horror hits you!
You die...
Your body crumbles into a pile of gold.

##'#_.+~~§§§§.§# $
†'..._#§~~§§#..#
$$$
##_.#'##'#####'###
###'#.#)§§§###.'.#
###.####§###.###.#
.'...'.§§..'.∩##.#
$$
##.).###########.#
$$ $ $
###.###....§§.##x#


$$$$$$$$$ #.#'#.#x...§..§+@# $$$$$$$$$ #.....#+++######§# $$$$$$ #..)..# #§# $$$
####### +§#$ $ $ ### $ $$ $ $$$$$ You could see an unseen horror (invisible).

Vanquished Creatures
  2 centaur warriors (D)
  Sonja (D)
  A deep troll (D)
  An oklob plant (D)
  A hornet (D)
  Sigmund (D)
  A yak (D)
  2 redbacks (D)
  An ogre (D)
  A jelly (D)
  Ijyb (D)
  A ballistomycete spore (D)
14 creatures vanquished.

Vanquished Creatures (others)
  A ballistomycete spore (D)
1 creature vanquished.

Grand Total: 15 creatures vanquished

Notes
Turn   | Place    | Note
-------+----------+-------------------------------------------
     0 | D        | rocky1 the Spriggan Gladiator began the quest for the Orb.
     0 | D        | Reached XP level 1. HP: 10/10 MP: 2/2
     2 | D        | Noticed Ijyb
     7 | D        | Paralysed by Ijyb for 5 turns
    21 | D        | Paralysed by Ijyb for 4 turns
    29 | D        | Killed Ijyb
    30 | D        | Reached skill level 5 in Dodging
    30 | D        | Reached skill level 5 in Stealth
    30 | D        | Reached XP level 2. HP: 13/16 MP: 3/3
   146 | D        | Noticed an ogre
   149 | D        | Killed an ogre
   150 | D        | Reached skill level 8 in Stealth
   150 | D        | Reached XP level 3. HP: 20/20 MP: 4/4
   150 | D        | Reached XP level 4. HP: 24/24 MP: 5/5
   261 | D        | Noticed Sigmund
   264 | D        | Killed Sigmund
   265 | D        | Reached skill level 11 in Stealth
   265 | D        | Reached XP level 5. HP: 30/30 MP: 6/6
   378 | D        | Found an ornate altar of the Wu Jian Council.
   378 | D        | Found a shimmering blue altar of Sif Muna.
   380 | D        | Found a radiant altar of Vehumet.
   385 | D        | Reached XP level 6. HP: 34/34 MP: 7/7
   421 | D        | Found Yhaepn's Armour Emporium.
   421 | D        | Found an ancient bone altar of Kikubaaqudgha.
   421 | D        | Found a hazy altar of Hepliaklqana.
   421 | D        | Found a stormy altar of Qazlal.
   421 | D        | Found a hide-covered altar of Uskayaw.
   421 | D        | Found a blossoming altar of Fedhas.
   421 | D        | Found a bloodstained altar of Trog.
   421 | D        | Found an iron altar of Okawaru.
   421 | D        | Found a basalt altar of Yredelemnul.
   421 | D        | Found a glowing golden altar of the Shining One.
   421 | D        | Found a snail-covered altar of Cheibriados.
   421 | D        | Found a sacrificial altar of Ru.
   421 | D        | Found a glowing silver altar of Zin.
   421 | D        | Found a shadowy altar of Dithmenos.
   421 | D        | Found a white marble altar of Elyvilon.
   421 | D        | Noticed a yak
   422 | D        | Found an opulent altar of Gozag.
   423 | D        | Killed a yak
   424 | D        | Reached skill level 5 in Fighting
   424 | D        | Reached skill level 12 in Stealth
   424 | D        | Found a sparkling altar of Nemelex Xobeh.
   429 | D        | Became a worshipper of Gozag Ym Sagoz the Greedy
   440 | D        | Noticed Sonja
   444 | D        | Killed Sonja
   445 | D        | Reached skill level 10 in Dodging
   445 | D        | Reached skill level 15 in Stealth
   445 | D        | Reached XP level 7. HP: 40/40 MP: 8/8
   460 | D        | Found Hidiukk's Distillery.
   624 | D        | Noticed a deep troll
   643 | D        | HP: 2/60 [deep troll (16)]
   644 | D        | Killed a deep troll
   645 | D        | Reached skill level 16 in Stealth
   645 | D        | Reached XP level 8. HP: 2/45 MP: 9/9
   819 | D        | Found Waurott's Armour Emporium.
   827 | D        | Bought a +0 hat for 48 gold pieces
   827 | D        | Bought a +0 robe of fire resistance for 92 gold pieces
   856 | D        | Noticed a centaur warrior
   857 | D        | Noticed a centaur warrior
   859 | D        | Killed a centaur warrior
   860 | D        | Reached skill level 17 in Stealth
   860 | D        | Reached XP level 9. HP: 50/50 MP: 10/10
   861 | D        | Killed a centaur warrior
   862 | D        | Reached skill level 18 in Stealth
   878 | D        | Reached skill level 19 in Stealth
   889 | D        | Noticed an oklob plant
   891 | D        | Killed an oklob plant
   927 | D        | Noticed an unseen horror
   928 | D        | Noticed an unseen horror
   969 | D        | HP: 2/51 [unseen horror (8)]
   969 | D        | Mangled by an unseen horror

Illustrated notes

Levels and vault maps discovered:
D:        dungeon_sprint_1 [red_sonja_temple_1, red_sonja_temple_small_1]

Skill      XL: |  1  2  3  4  5  6  7  8  9 |
---------------+----------------------------+-----
Fighting       | 2 3 4 6 7 8 |  8.2
Short Blades   | 4 6 8 11 12 13 14 | 14.7
Dodging        | 5 6 7 10 11 12 | 12.7
Stealth        | 5 8 11 15 16 17 19 | 19.7
Throwing       | |  2.0

Action                   |  1- 3 |  4- 6 |  7- 9 || total
-------------------------+-------+-------+-------++-------
Melee: Rapier            |    16 |     4 |    44 ||    64
       Punch             |       |       |     1 ||     1
Throw: Throwing net      |     3 |       |       ||     3
Invok: Potion Petition   |       |       |     1 ||     1
  Use: Scroll            |       |       |     1 ||     1
 Stab: Sleeping          |     1 |     4 |     6 ||    11
Armor: Robe              |       |       |     1 ||     1
Dodge: Dodged            |     3 |       |    39 ||    42

Table legend: (Time is in decaauts)
 A = Elapsed time spent in this place.
 B = Non-inter-level travel time spent in this place.
 C = Inter-level travel time spent in this place.
 D = Time resting spent in this place.
 E = Time spent auto-exploring this place.
 F = Levels seen in this place.
 G = Mean time per level.
                   A        B        C        D        E       F      G
               +--------+--------+--------+--------+--------+-----+--------+
         Total |    853 |    853 |      0 |    579 |      0 |   1 |  853.0 |
       Dungeon |    853 |    853 |      0 |    579 |      0 |   1 |  853.0 |
               +--------+--------+--------+--------+--------+-----+--------+

Top non-repeatable levels by time:
       D: 853 daAuts
